 Dungeon Sprint DCSS version 0.20.1-1-g8b1a95d (console) character file.

5 hilaritas the Chopper (level 4, -4/28 HPs)
             Began as a Gargoyle Chaos Knight on Aug 25, 2017.
             Was a Believer of Uskayaw.
             Slain by an iron imp (8 damage)
             ... in the Dungeon (Sprint VI: "Thunderdome").
             The game lasted 00:03:38 (161 turns).

hilaritas the Chopper (Gargoyle Chaos Knight)        Turns: 161, Time: 00:03:39

Health: -4/28      AC:  8    Str: 17    XL:     4   Next: 10%
Magic:  4/4        EV: 11    Int: 12    God:    Uskayaw [**....]
Gold:   36         SH:  0    Dex:  9    Spells: 3/3 levels left

rFire    . . .     SeeInvis .   n - +0 broad axe
rCold    . . .     Gourm    .   (no shield)
rNeg     + . .     Faith    .   b - +2 leather armour
rPois    ∞         Spirit   .   (no helmet)
rElec    +         Reflect  .   (no cloak)
rCorr    .         Harm     .   (no gloves)
MR       .....     NoTele   +   (no boots)
Stlth    +.........             (no amulet)
Regen    0.1/turn               (no ring)
MPRegen  0.1/turn               (no ring)

@: no status effects
A: negative energy resistance 1, electricity resistance, unbreathing,
petrification resistance, rot immunity, AC +3
a: Stomp, Line Pass, Renounce Religion


You were in the Dungeon.
You worshipped Uskayaw.
Uskayaw was noncommittal.
You were not hungry.

You visited 1 branch You collected 210 gold pieces.
You spent 174 gold pieces at shops.

Inventory:

Hand Weapons
 n - a +0 broad axe (weapon)
Armour
 a - a +0 buckler
 b - a +2 leather armour (worn)
Wands
 j - a wand of acid (5/15)
 k - a wand of iceblast (5/15)
Scrolls
 i - 4 scrolls of blinking
 l - 3 scrolls of fog
Potions
 d - a potion of curing
 e - 4 potions of heal wounds
 f - 4 potions of haste
 g - 2 potions of magic
 h - a potion of berserk rage
 m - a potion of resistance
Comestibles
 c - a bread ration


   Skills:
 - Level 3.2 Fighting
 * Level 7.5 Axes
 - Level 2.1 Armour
 - Level 0.7 Dodging


You had 3 spell levels left.
You didn't know any spells.

Dungeon Overview and Level Annotations

Branches:
Dungeon (1/1)

Altars:
Cheibriados
Dithmenos
Fedhas
Gozag
Kikubaaqudgha
Makhleb
Okawaru
Qazlal
Ru
Sif Muna
Trog
Uskayaw
Vehumet
Xom
Yredelemnul
Zin
The Shining One
Beogh
Jiyva
Lugonu

Shops:
D *[%??*?*:[((!!!!


Innate Abilities, Weirdness & Mutations

You are resistant to torment.
Your stone body is resilient. (AC +3)
You are immune to poison.
You resist negative energy. (rN+)
You are resistant to electric shocks. (rElec)
You can survive without breathing.
You are immune to petrification.
You are immune to rotting.


Message History

The iron imp is severely wounded.
The quasit barely misses you.
The quasit claws you but does no damage.
The quasit closely misses you. The iron imp hits you!
* * * LOW HITPOINT WARNING * * *
You hit the iron imp.
The iron imp is almost dead.
You hit the quasit. The quasit barely misses you.
The quasit closely misses you.
The quasit claws you but does no damage.
The iron imp barely misses you. The quasit closely misses you.
The quasit claws you but does no damage. x2
You can now pass through a line of other dancers.
You completely miss the iron imp.
The iron imp is almost dead.
You closely miss the quasit. The quasit misses you.
The quasit claws you but does no damage. x2
The iron imp hits you!
You die...
Xom chortles!

###∩........8.#
#.8........∩###
##∩__.......###..)...___∩##
######.8.........8.######
#§...........⌠#
###.........### #_......._#
#_........# #_...5..._#
#∩....@..∩# ##∩....5∩##
##.....## ##⌠§⌠## #####


You could see an iron imp and a quasit.

Vanquished Creatures
  A hound (D)
  A worker ant (D)
  An ufetubus (D)
  An ooze (D)
  A goblin (D)
5 creatures vanquished.

Notes
Turn   | Place    | Note
-------+----------+-------------------------------------------
     0 | D        | hilaritas the Gargoyle Chaos Knight began the quest for the Orb.
     0 | D        | Reached XP level 1. HP: 14/14 MP: 1/1
     1 | D        | Found a bloodstained altar of Trog.
     2 | D        | Found an iron altar of Okawaru.
     2 | D        | Found a blossoming altar of Fedhas.
     3 | D        | Found a shimmering altar of Xom.
     3 | D        | Found a hide-covered altar of Uskayaw.
     4 | D        | Found a radiant altar of Vehumet.
     4 | D        | Found a stormy altar of Qazlal.
     4 | D        | Found Wiphoxt's Staff Store.
     4 | D        | Found Lana's Magic Scroll Shop.
     5 | D        | Found Heplaudgh's Must-Have Magic.
     5 | D        | Found Vecil's Magic Scroll Shop.
     5 | D        | Round 1.
    15 | D        | Found a roughly hewn altar of Beogh.
    19 | D        | Fell from the grace of Xom
    19 | D        | Became a worshipper of Uskayaw the Reveler
    34 | D        | Found a glowing golden altar of the Shining One.
    34 | D        | Found Meubank's Distillery.
    34 | D        | Found Feoblat's Distillery.
    35 | D        | Found Istrikuuq's Bottled Wisdom.
    40 | D        | Found Yfueh's Do-It-Yourself Clinic.
    40 | D        | Found a corrupted altar of Lugonu.
    40 | D        | Found an ancient bone altar of Kikubaaqudgha.
    40 | D        | Found a sacrificial altar of Ru.
    49 | D        | Found a viscous altar of Jiyva.
    53 | D        | Found a snail-covered altar of Cheibriados.
    53 | D        | Found Axzus's Weapon Rack.
    54 | D        | Reached skill level 3 in Axes
    56 | D        | Found Qocrazu's Basic Armour.
    56 | D        | Found Rinim Dih's Miscellaneous Merchandise.
    63 | D        | Bought a +0 broad axe for 120 gold pieces
    65 | D        | Found Ygiwkil's Premium Goods.
    65 | D        | Found a basalt altar of Yredelemnul.
    65 | D        | Found an opulent altar of Gozag.
    65 | D        | Found a burning altar of Makhleb.
    66 | D        | Bought a +0 buckler for 54 gold pieces
    78 | D        | Found a deep blue altar of Sif Muna.
    78 | D        | Found a glowing silver altar of Zin.
    78 | D        | Found Uppotaw's Identification Station.
    78 | D        | Found Puivyj's Advanced Armour.
    79 | D        | Found Xinoiv Kyne's Jewellery.
    80 | D        | Reached * piety under Uskayaw
    81 | D        | Reached skill level 4 in Axes
    81 | D        | Reached ** piety under Uskayaw
    86 | D        | Found Qaucsoa's Bee Food.
    86 | D        | Found a shadowy altar of Dithmenos.
    86 | D        | Noticed a hound
    95 | D        | Killed a hound
    95 | D        | Reached skill level 6 in Axes
    95 | D        | Reached XP level 2. HP: 9/19 MP: 2/2
    95 | D        | Reached XP level 3. HP: 11/23 MP: 3/3
   115 | D        | Reached skill level 7 in Axes
   115 | D        | Reached XP level 4. HP: 10/28 MP: 4/4
   138 | D        | Arena points: 5 (+5) [x1]
   153 | D        | Round 2.
   161 | D        | Slain by an iron imp

Skill      XL: |  1  2  3 |
---------------+----------+-----
Axes           | 6 7 |  7.5
Fighting       | |  3.2
Armour         | |  2.1
Dodging        | |  0.7

Action                   |  1- 3 |  4- 6 || total
-------------------------+-------+-------++-------
Melee: Broad axe         |    12 |     4 ||    16
       Hand axe          |     1 |       ||     1
Armor: Leather armour    |     9 |     9 ||    18
Dodge: Dodged            |     3 |     9 ||    12
